 Dungeon Crawl Stone Soup version 0.31-a0-960-g0fca184906 (webtiles) character file.

Game seed: 11130371231769900960

384 Flugkiller the Trooper (level 7, -2/58 HPs)
             Began as a Formicid Cinder Acolyte on Oct 23, 2023.
             Was an Elder of Ignis.
             Slain by Duvessa
             ... wielding a +0 short sword
              (14 damage)
             ... on level 4 of the Dungeon.
             The game lasted 00:03:49 (2922 turns).

Flugkiller the Trooper (Formicid Cinder Acolyte)    Turns: 2922, Time: 00:03:50

Health: -2/58      AC: 18    Str: 21    XL:     7   Next: 6%
Magic:  2/8        EV: 10    Int: 13    God:    Ignis [****..]
Gold:   116        SH:  0    Dex:  9    Spells: 6/8 levels left

rFire   + + .        s - +0 trident
rCold   . . .        (no shield)
rNeg    . . .        l - +0 ring mail
rPois   .            (helmet unavailable)
rElec   .            (no cloak)
rCorr   .            (no gloves)
SInv    +            h - +1 pair of boots
Will    .....        (no amulet) Stlth
                     p - ring of protection from fire
HPRegen 0.29/turn    o - +4 ring of protection
MPRegen 0.11/turn

%: no passive effects
@: fiery-armoured
A: permanent stasis, dig shafts and tunnels, antennae 3, four strong arms
a: Dig, Shaft Self, Renounce Religion, Fiery Armour, Foxfire Swarm, Rising Flame


You were on level 4 of the Dungeon.
You worshipped Ignis.
Ignis was greatly pleased with you.
You visited 1 branch of the dungeon, and saw 4 of its levels.

You collected 116 gold pieces.

Inventory:

Hand Weapons
 a - a -1 hand axe of flaming
 s - a +0 trident (weapon)
   (You took it off a gnoll sergeant on level 3 of the Dungeon)
Armour
 b - a +0 robe
 h - a +1 pair of boots (worn)
   (You found it on level 1 of the Dungeon)
 l - a +0 ring mail (worn)
   (You took it off Terence on level 2 of the Dungeon)
Jewellery
 c - a ring of ice
   (You found it on level 1 of the Dungeon)
 o - a +4 ring of protection (right hand)
   (You found it on level 2 of the Dungeon)
 p - a ring of protection from fire (left hand)
   (You found it on level 1 of the Dungeon)
 r - a ring of fire
   (You found it on level 4 of the Dungeon)
Scrolls
 d - 2 scrolls of poison
 e - a scroll of immolation
 g - a scroll of vulnerability
 i - a scroll of amnesia {unknown}
 m - a scroll of torment {unknown}
 t - a scroll of blinking {unknown}
Potions
 j - a potion of cancellation
 k - a potion of degeneration {unknown}
 n - a potion of resistance
 q - a potion of curing
 u - a potion of lignification {unknown}


   Skills:
 + Level 6.1 Fighting
 + Level 5.5 Axes
 + Level 0.8 Armour
 - Level 1.1 Spellcasting
 - Level 3.0 Fire Magic


You had 6 spell levels left.
You knew the following spells:

 Your Spells              Type           Power      Damage    Failure   Level
a - Scorch                Fire           16%        2d5       21%         2

Your spell library contained the following spells:

 Spells                   Type           Power      Damage    Failure   Level


Dungeon Overview and Level Annotations

Branches:
Dungeon (4/15) Zot: 21054  Temple (0/1) D:4

Altars:
Ashenzari
Dithmenos
Vehumet

Annotations:
D:4 Duvessa


Innate Abilities, Weirdness & Mutations

You cannot be hasted, slowed, berserked, paralysed or teleported.
You can dig through walls and to a lower floor.
You have a pair of large antennae on your head. (SInv)
Your four strong arms can wield two-handed weapons with a shield.


Message History

No target in view!
No target in view!
No target in view!
r - a ring of fire
t - a scroll labelled RAUWAU ECATZOY Unknown command.
Okay, then.
You now have 116 gold pieces (gained 15).
You sense a monster nearby.
Duvessa, Dowan and a ball python come into view.
Found a stone staircase leading up.
The ball python attacks as it pursues you!
The ball python bites you. The ball python barely misses you.
Duvessa says, "My weaknesses are his strengths!"
The ball python bites you but does no damage.
The ball python barely misses you.
You puncture the ball python!
You kill the ball python!
Casting: Scorch (safe; 21% risk of failure)
Confirm with . or Enter, or press ? or * to list all spells.
Flames lash Dowan.
Dowan is lightly wounded.
Dowan's fire resistance burns away.
You hit Dowan. You punch Dowan, but do no damage.
Dowan is moderately wounded.
Dowan completely misses you.
You hit Dowan.
Dowan is heavily wounded.
Dowan closely misses you.
You hit Dowan.
Dowan is severely wounded.
Dowan is no longer more vulnerable to fire.
Dowan gestures at you while chanting. You resist with some effort.
Casting: Scorch (safe; 21% risk of failure)
Confirm with . or Enter, or press ? or * to list all spells.
Flames lash Dowan.
You kill Dowan!
Duvessa weeps, and shakes her weapon.
Duvessa goes berserk!
Duvessa hits you with a +0 short sword!
You have reached level 7!
Casting: Scorch (safe; 21% risk of failure)
Confirm with . or Enter, or press ? or * to list all spells.
You miscast Scorch.
You are very lightly contaminated with residual magic.
Nothing appears to happen.
Duvessa hits you with a +0 short sword!
A protective cloak of flame settles atop you.
Duvessa closely misses you. Duvessa hits you with a +0 short sword.
Duvessa is burned by your cloak of flames.
Duvessa is lightly wounded.
You aren't carrying any items that you can evoke.
Unknown command.
Okay, then.
Unknown command.
Okay, then.
You feel better. Duvessa hits you but does no damage.
Duvessa is burned by your cloak of flames.
Duvessa is lightly wounded.
Unknown command.
You hit Duvessa but do no damage.
Duvessa is lightly wounded.
Duvessa hits you with a +0 short sword!
Duvessa is burned by your cloak of flames.
Duvessa is lightly wounded.
Duvessa hits you with a +0 short sword!
Duvessa is burned by your cloak of flames.
Duvessa is moderately wounded.
You hit Duvessa.
Duvessa is moderately wounded.
Duvessa hits you with a +0 short sword. Duvessa hits you with a +0 short sword!
Duvessa is burned by your cloak of flames.
Duvessa is moderately wounded.
Unknown command.
You feel better. Duvessa closely misses you.
Okay, then.
It was a potion of heal wounds.
You feel much better. Duvessa hits you with a +0 short sword!
Duvessa barely misses you.
You closely miss Duvessa.
Duvessa is moderately wounded.
Duvessa closely misses you. Duvessa hits you but does no damage.
Duvessa is burned by your cloak of flames.
Duvessa is moderately wounded.
Your magical contamination has completely faded away.
You completely miss Duvessa.
Duvessa is moderately wounded.
Duvessa hits you with a +0 short sword.
Duvessa is burned by your cloak of flames.
Duvessa is moderately wounded.
You hit Duvessa.
Duvessa is heavily wounded.
Duvessa hits you with a +0 short sword!
* * * LOW HITPOINT WARNING * * *
Duvessa is burned by your cloak of flames.
Duvessa is heavily wounded.
Duvessa hits you with a +0 short sword.
* * * LOW HITPOINT WARNING * * *
Duvessa is burned by your cloak of flames.
Duvessa is heavily wounded.
Flames leap up around you! Duvessa hits you with a +0 short sword!
You die...

# ## #.#...# . .
....... #. #.#...
. .###.#..# ..
vv#.#..##.# ####
#.#v#.#<....#
...########.
#.#@#.#e..#
.....)....#.
#.#e#....#
...######.#.
#.#vv...## ...#
#.#. #...####.....
...######.#.##.#.#
.#.##
..........#.#..#.#
# #
......#####.##.#.#
......#..........#
......#.####.#.###


You could see Duvessa (berserk, ally target).

Vanquished Creatures
  A gnoll sergeant (D:3)
  Dowan (D:4)
  Terence (D:2)
  Natasha (thrice) (D:3)
  5 gnolls (D:3)
  6 adders
  2 worms
  4 bats
  9 endoplasms
  2 giant cockroaches
  9 goblins
  6 hobgoblins
  9 kobolds
  6 ball pythons
  A frilled lizard (D:2)
  5 rats
70 creatures vanquished.

Notes
Turn   | Place    | Note
-------+----------+-------------------------------------------
     0 | D:1      | Flugkiller the Formicid Cinder Acolyte began the quest for
                  | the Orb.
     0 | D:1      | Reached XP level 1. HP: 18/18 MP: 2/2
    97 | D:1      | Reached XP level 2. HP: 24/24 MP: 3/3
   801 | D:2      | Found a faded altar of an unknown god.
   807 | D:2      | Reached XP level 3. HP: 30/30 MP: 4/4
   817 | D:2      | Learned a level 2 spell: Scorch
   860 | D:2      | Reached skill level 4 in Fighting
   885 | D:2      | Noticed Terence
   913 | D:2      | Killed Terence
   914 | D:2      | Reached XP level 4. HP: 34/38 MP: 0/5
  1037 | D:2      | Found a shadowy altar of Dithmenos.
  1554 | D:2      | Reached XP level 5. HP: 41/43 MP: 1/6
  1752 | D:3      | Found a broken altar of Ashenzari.
  1798 | D:3      | Found a shadowy altar of Dithmenos.
  1900 | D:3      | Found a radiant altar of Vehumet.
  1901 | D:3      | Noticed Natasha
  1919 | D:3      | Killed Natasha
  1920 | D:3      | Reached skill level 5 in Fighting
  2145 | D:3      | Reached XP level 6. HP: 46/51 MP: 3/7
  2177 | D:3      | Noticed Natasha
  2203 | D:3      | Reached skill level 5 in Axes
  2205 | D:3      | Killed Natasha
  2252 | D:3      | Noticed Natasha
  2260 | D:3      | Killed Natasha
  2747 | D:4      | Found a staircase to the Ecumenical Temple.
  2825 | D:4      | Reached skill level 6 in Fighting
  2901 | D:4      | Noticed Duvessa
  2901 | D:4      | Noticed Dowan
  2911 | D:4      | Killed Dowan
  2912 | D:4      | Reached XP level 7. HP: 49/58 MP: 3/8
  2922 | D:4      | Slain by Duvessa

Illustrated notes

Levels and vault maps discovered:
D:1:      scummos_arrival_hexagon, layout_basic, chequers_serial_rivers_micro_e
D:2:      layout_loops_corners, nicolae_ecumenical_pavilion, basic_altar,
          uniq_terence
D:3:      layout_loops_ring, nicolae_vehumet_radiance,
          nicolae_dithmenos_the_darkroom, ashenzari_altar_1,
          minmay_misc_feat_more_columns, uniq_natasha
D:4:      layout_basic, minmay_temple_entry_mini_moons, minmay_misc_feat_rugged,
          kennysheep_opposing_triangles, uniq_duvessa, uniq_sigmund,
          uniq_grinder, uniq_edmund

Skill      XL: |  1  2  3  4  5  6 |
---------------+-------------------+-----
Fighting       | 4 5 6 |  6.1
Axes           | 4 5 |  5.5
Armour         | |  0.8
Spellcasting   | |  1.1
Fire Magic     | |  3.0

Action                     |  1- 3 |  4- 6 |  7- 9 || total
---------------------------+-------+-------+-------++-------
  Melee: Hand axe          |    49 |   144 |       ||   193
         Trident           |       |    39 |     5 ||    44
         Punch             |       |     1 |       ||     1
   Cast: Scorch            |     3 |    11 |       ||    14
 Invoke: Fiery Armour      |     1 |     1 |     1 ||     3
         Foxfire Swarm     |       |       |     1 ||     1
    Use: Scroll            |     1 |     6 |       ||     7
         Potion            |       |       |     3 ||     3
 Armour: Robe              |    26 |     1 |       ||    27
         Ring mail         |       |   133 |    13 ||   146
  Dodge: Dodged            |    26 |    87 |     4 ||   117

Table legend: (Time is in decaauts)
 A = Elapsed time spent in this place.
 B = Non-inter-level travel time spent in this place.
 C = Inter-level travel time spent in this place.
 D = Time resting spent in this place.
 E = Time spent auto-exploring this place.
 F = Levels seen in this place.
 G = Mean time per level.
                   A        B        C        D        E       F      G
               +--------+--------+--------+--------+--------+-----+--------+
         Total |   2944 |   2842 |    102 |    281 |   1853 |   4 |  736.0 |
       Dungeon |   2944 |   2842 |    102 |    281 |   1853 |   4 |  736.0 |
               +--------+--------+--------+--------+--------+-----+--------+

Top non-repeatable levels by time:
     D:2: 957 daAuts
     D:3: 885 daAuts
     D:1: 806 daAuts
     D:4: 295 daAuts
